 Dungeon Crawl Stone Soup version 0.31-a0-986-g5e6e4ef867 (webtiles) character file.

Game seed: 15307706275964728301

4323 Maratek the Cleaver (level 10, -7/86 HPs)
             Began as a Pale Draconian Fighter on Nov 3, 2023.
             Mangled by a death yak (14 damage)
             ... on level 8 of the Dungeon.
             The game lasted 00:12:51 (7222 turns).

Maratek the Cleaver (Pale Draconian Fighter)        Turns: 7222, Time: 00:12:52

Health: -7/86      AC: 14    Str: 23    XL:     10   Next: 11%
Magic:  10/10      EV: 15    Int:  9    God:
Gold:   338        SH:  5    Dex: 16    Spells: 9/9 levels left

rFire   + . .        a - +0 war axe (chaos)
rCold   . . .        b - +0 buckler
rNeg    . . .        (body armour unavailable)
rPois   .            (helmet restricted)
rElec   .            i - +2 cloak
rCorr   .            e - +0 pair of gloves
SInv    .            f - +2 pair of boots
Will    .....        (no amulet)
Stlth   ++           u - ring of protection from fire
HPRegen 0.34/turn    r - +6 ring of dexterity
MPRegen 0.12/turn

%: no passive effects
@: about to teleport, short of breath
A: breathe steam, AC +7, unfitting armour, cold-blooded, steam resistance
a: Breathe Steam


You were on level 8 of the Dungeon.
You visited 1 branch of the dungeon, and saw 8 of its levels.

You collected 338 gold pieces.

Inventory:

Hand Weapons
 a - a +0 war axe of chaos (weapon)
Armour
 b - a +0 buckler (worn)
 e - a +0 pair of gloves (worn)
 f - a +2 pair of boots (worn)
 i - a +2 cloak (worn)
Jewellery
 j - a ring of positive energy
 r - a +6 ring of dexterity (right hand)
 u - a ring of protection from fire (left hand)
Wands
 o - a wand of flame (2)
Scrolls
 g - 3 scrolls of fear
 h - 2 scrolls of identify
 p - 2 scrolls of immolation
 q - 4 scrolls of teleportation
 w - a scroll of vulnerability
Potions
 c - 2 potions of might
 d - 3 potions of curing
 k - 3 potions of haste {unknown}
 l - 2 potions of resistance {unknown}
 m - a potion of mutation {unknown}
 n - 2 potions of heal wounds {unknown}
 s - a potion of cancellation {unknown}
 t - 2 potions of lignification {unknown}
 v - a potion of degeneration {unknown}
 x - a potion of magic {unknown}


   Skills:
 + Level 7.2 Fighting
 + Level 11.2 Axes
 + Level 6.2 Dodging
 + Level 2.7 Stealth
 + Level 4.9 Shields


You had 9 spell levels left.
You didn't know any spells.
Your spell library contained the following spells:

 Spells                   Type           Power      Damage    Failure   Level
 Apportation              Tloc           0%         N/A       43%         1
 Freeze                   Ice            0%         1d3       43%         1
 Necrotise                Necr           0%         1d4       43%         1
 Shock                    Conj/Air       0%         1d3       43%         1
 Cigotuvi's Dreadful Rot  Necr/Pois/Air  0%         N/A       58%         2
 Ensorcelled Hibernation  Hex/Ice        0%         N/A       58%         2
 Jinxbite                 Hex            0%         N/A       58%         2
 Passwall                 Tmut/Erth      0%         N/A       58%         2
 Frozen Ramparts          Ice            0%         1d1       82%         3
 Gell's Gravitas          Tloc           0%         N/A       82%         3
 Hailstorm                Conj/Ice       0%         3d3       82%         3
 Ozocubu's Armour         Ice            0%         N/A       82%         3
 Summon Guardian Golem    Hex/Summ       0%         N/A       82%         3
 Swiftness                Air            0%         N/A       82%         3
 Teleport Other           Tloc           0%         N/A       82%         3
 Tukima's Dance           Hex            0%         N/A       82%         3
 Vampiric Draining        Necr           0%         2d6       82%         3
 Airstrike                Air            0%         2d(0-16)  99%         4
 Dimensional Bullseye     Hex/Tloc       0%         N/A       99%         4
 Iskenderun's Mystic Bla  Conj/Tloc      0%         2d3       99%         4
 Agony                    Necr           0%         N/A       100%        5
 Alistair's Intoxication  Tmut/Pois      0%         N/A       100%        5
 Metabolic Englaciation   Hex/Ice        0%         N/A       100%        5
 Yara's Violent Unravell  Hex/Tmut       0%         3d3       100%        5
 Dispersal                Tloc           0%         N/A       100%        6
 Simulacrum               Ice/Necr       0%         N/A       100%        6


Dungeon Overview and Level Annotations

Branches:
Dungeon (8/15)             Temple (0/1) D:4            Lair (0/5) D:8

Altars:
Hepliaklqana
Kikubaaqudgha
Makhleb
Trog
Uskayaw
Wu Jian
Yredelemnul
The Shining One

Shops:
D:4 (   D:8 *

Annotations:
D:4 1 runed translucent door


Innate Abilities, Weirdness & Mutations

You can breathe blasts of scalding, opaque steam.
Your pale cyan-grey scales are hard. (AC +7)
You cannot fit into any form of body armour.
You are cold-blooded and may be slowed by cold attacks.
You are immune to the effects of steam.


Message History

The basilisk bites you but does no damage.
You have got your breath back.
The death yak gores you but does no damage.
The basilisk gazes at you. The death yak gores you!
The basilisk bites you but does no damage.
The death yak gores you but does no damage.
The basilisk bites you!
The death yak gores you but does no damage.
The basilisk gazes at you. The death yak completely misses you.
The basilisk gazes at you.
You turn to flesh and can move again.
You are too injured to fight recklessly!
Okay, then.
Aiming: Breathe Steam (1% risk of failure)
Press: ? - help, Shift-Dir - straight line, f - wight
Aim: a wight, wielding a +4 long sword of electrocution and wearing a +0 robe (74% to hit)
You exhale a blast of scalding steam.
The ball of steam hits the basilisk.
The basilisk is almost dead.
The ball of steam hits the wight!
The wight is severely damaged.
The death yak gores you!!
* * * LOW HITPOINT WARNING * * *
The basilisk barely misses you.
The wight is engulfed in a cloud of scalding steam.
As you read the scroll of teleportation, it crumbles to dust.
You feel strangely unstable. You block the death yak's attack.
The basilisk is engulfed in a cloud of scalding steam.
You block the basilisk's attack.
The wight is engulfed in a cloud of scalding steam.
You feel better. The death yak gores you!
* * * LOW HITPOINT WARNING * * *
The basilisk gazes at you. You resist with some effort.
The wight is engulfed in a cloud of scalding steam.
You destroy the wight!
The death yak attacks as it pursues you!
The death yak gores you!
You die...

### #. .. #.# ##.#
#.# ##..# #.# #..#
#.###.@##
#.##..Y.##
#.##.##.l# ####
#)...###l)....>.
...########)).>#
###§...z.
....#......#######
.§..).
....#......#.....#
....P
#..####.)###.....#
.....
#..####..#.......#
[...


You could see a death yak (very poisoned, drained) and 2 basilisks.

Vanquished Creatures
  Pikel (D:5)
  An elephant (D:8)
  A hornet (D:8)
  Grinder (D:5)
  A wyvern (D:8)
  A basilisk (D:7)
  An acid dragon (D:8)
  2 water moccasins
  An orc warrior (D:8)
  3 black bears
  2 ice beasts (D:7)
  A sky beast (D:7)
  2 phantoms
  2 centaurs
  2 lemures (D:5)
  3 scorpions
  2 bullfrogs
  A gnoll sergeant (D:6)
  7 wights
  A howler monkey (D:4)
  A hound (D:5)
  2 orc priests
  2 gnoll boudas
  A jelly (D:7)
  A sleepcap (D:3)
  Crazy Yiuf (D:5)
  3 iron imps (D:4)
  Jessica (D:2)
  4 orc wizards
  Robin (D:2)
  14 gnolls
  11 adders
  3 shadow imps
  3 white imps
  2 ufetubi (D:6)
  A worm (D:4)
  3 dart slugs
  26 orcs
  4 bats
  5 endoplasms
  5 giant cockroaches
  9 goblins
  11 hobgoblins
  11 jackals
  5 quokkas
  7 ball pythons
  6 frilled lizards
  8 kobolds
  6 rats
193 creatures vanquished.

Notes
Turn   | Place    | Note
-------+----------+-------------------------------------------
     0 | D:1      | Maratek the Draconian Fighter began the quest for the Orb.
     0 | D:1      | Reached XP level 1. HP: 19/19 MP: 1/1
   147 | D:1      | Found a faded altar of an unknown god.
   162 | D:1      | Prayed at the altar of an unknown god.
   162 | D:1      | Became a worshipper of the Shining One
   162 | D:1      | Reached * piety under the Shining One
   290 | D:1      | Reached XP level 2. HP: 26/26 MP: 2/2
   859 | D:2      | Reached XP level 3. HP: 28/31 MP: 3/3
   931 | D:2      | Noticed Robin
   939 | D:2      | Killed Robin
   940 | D:2      | Reached skill level 3 in Axes
  1039 | D:2      | Reached XP level 4. HP: 31/40 MP: 4/4
  1306 | D:2      | Noticed Jessica
  1317 | D:2      | Killed Jessica
  1518 | D:2      | Reached XP level 5. HP: 46/46 MP: 5/5
  1830 | D:3      | Found a bloodstained altar of Trog.
  1855 | D:3      | Found a hide-covered altar of Uskayaw.
  1894 | D:3      | Reached ** piety under the Shining One
  1900 | D:3      | Reached skill level 4 in Axes
  2491 | D:3      | Reached XP level 6. HP: 27/52 MP: 6/6
  2720 | D:4      | Reached skill level 5 in Axes
  3004 | D:4      | Found Cuej's Antique Weapon Shop.
  3078 | D:4      | Found a runed translucent door.
  3078 | D:4      | Noticed a human
  3085 | D:4      | Found a basalt altar of Yredelemnul.
  3117 | D:4      | Found a burning altar of Makhleb.
  3518 | D:4      | Found a staircase to the Ecumenical Temple.
  3558 | D:4      | Reached skill level 6 in Axes
  3558 | D:4      | Your scales start taking on a pale cyan-grey colour.
  3558 | D:4      | Reached XP level 7. HP: 60/60 MP: 7/7
  3558 | D:4      | Gained mutation: You are immune to the effects of steam.
                  | [Pale Draconian growth]
  3660 | D:5      | Entered Level 5 of the Dungeon
  3725 | D:5      | Noticed Pikel
  3740 | D:5      | Killed Pikel
  3741 | D:5      | Reached skill level 5 in Fighting
  3741 | D:5      | Reached skill level 7 in Axes
  3943 | D:5      | Reached XP level 8. HP: 69/69 MP: 8/8
  4099 | D:5      | Reached skill level 1 in Stealth
  4127 | D:5      | Reached *** piety under the Shining One
  4141 | D:5      | Reached skill level 8 in Axes
  4217 | D:5      | Noticed Grinder
  4236 | D:5      | Killed Grinder
  4587 | D:5      | Was placed under penance by the Shining One
  4616 | D:5      | Found a runed translucent door.
  4617 | D:5      | Noticed Crazy Yiuf
  4624 | D:5      | Killed Crazy Yiuf
  4662 | D:6      | Identified the "Wovefaq"
  4786 | D:6      | Found an ornate altar of the Wu Jian Council.
  4788 | D:6      | Found a hazy altar of Hepliaklqana.
  4791 | D:6      | Reached skill level 9 in Axes
  4796 | D:6      | Fell from the grace of the Shining One
  5212 | D:6      | Reached XP level 9. HP: 72/75 MP: 9/9
  5686 | D:7      | Reached skill level 5 in Dodging
  5918 | D:7      | Reached skill level 10 in Axes
  6103 | D:7      | Found an ancient bone altar of Kikubaaqudgha.
  6914 | D:8      | Found Zaegi's General Store.
  7187 | D:8      | Found a staircase to the Lair.
  7187 | D:8      | Noticed an elephant
  7189 | D:8      | Noticed a death yak
  7200 | D:8      | Killed an elephant
  7201 | D:8      | Reached skill level 11 in Axes
  7201 | D:8      | Reached XP level 10. HP: 72/86 MP: 10/10
  7222 | D:8      | Mangled by a death yak

Illustrated notes

Levels and vault maps discovered:
D:1:      tarquinn_simple_flora_water_f, layout_loops_ring,
          basic_ecumenical_altar, kennysheep_doodads, roderic_lattice_a,
          chequers_arboretum
D:2:      layout_loops_ring, minmay_heptomino_h4, uniq_jessica, uniq_robin
D:3:      minmay_diamond_boxcup, layout_basic,
          mainiacjoe_overflow_concentric_impassable, general_overflow_altar
D:4:      layout_basic, dk_yredelemnul_ordeal, demons_altar,
          minmay_temple_entry_poolview, serial_shops,
          nicolae_shop_rolling_square
D:5:      layout_basic, uniq_crazy_yiuf_cottage, uniq_grinder, uniq_pikel
D:6:      layout_basic, jmf_multi_god_temple
D:7:      layout_basic, kennysheep_mini, interstate_on_off
D:8:      layout_gridville, lemuel_coloured_pillars_altar, david_lair_generic,
          serial_shops, nicolae_shop_advertising_works
          [nicolae_subvault_shop_adworks], minmay_crystal_room

Skill      XL: |  1  2  3  4  5  6  7  8  9 |
---------------+----------------------------+-----
Dodging        | 3 4 6 |  6.2
Axes           | 3 4 6 7 9 11 | 11.2
Fighting       | 4 5 6 7 |  7.2
Stealth        | 1 2 |  2.7
Shields        | 4 |  4.9

Action                     |  1- 3 |  4- 6 |  7- 9 | 10-12 || total
---------------------------+-------+-------+-------+-------++-------
  Melee: War axe           |    57 |   201 |   221 |    11 ||   490
         Tailslap          |     1 |    29 |    33 |     4 ||    67
Ability: Breathe Steam     |       |       |    24 |     1 ||    25
    Use: Scroll            |       |     7 |    10 |     1 ||    18
         Potion            |       |       |       |     1 ||     1
   Stab: Sleeping          |       |       |     1 |       ||     1
 Armour: Skin              |    25 |   103 |   137 |    18 ||   283
  Dodge: Dodged            |    30 |   116 |   100 |    11 ||   257
  Block: Buckler           |    12 |    51 |    52 |     4 ||   119

Table legend: (Time is in decaauts)
 A = Elapsed time spent in this place.
 B = Non-inter-level travel time spent in this place.
 C = Inter-level travel time spent in this place.
 D = Time resting spent in this place.
 E = Time spent auto-exploring this place.
 F = Levels seen in this place.
 G = Mean time per level.
                   A        B        C        D        E       F      G
               +--------+--------+--------+--------+--------+-----+--------+
         Total |   7322 |   7017 |    305 |     41 |   5713 |   8 |  915.2 |
       Dungeon |   7322 |   7017 |    305 |     41 |   5713 |   8 |  915.2 |
               +--------+--------+--------+--------+--------+-----+--------+

Top non-repeatable levels by time:
     D:5: 1010 daAuts
     D:2: 977 daAuts
     D:6: 970 daAuts
     D:3: 968 daAuts
     D:7: 952 daAuts
     D:4: 937 daAuts
     D:1: 862 daAuts
     D:8: 642 daAuts
